[Event "Gibraltar Amateurs A 2019"]
[Site "Caleta"]
[Date "2019.01.23"]
[Round "3"]
[White "Wilson, Matthew R"]
[Black "Anjali R. Sagar"]
[Result "0-1"]
[ECO "C54"]
[WhiteElo "1822"]
[BlackElo "1787"]
[Annotator "NA"]
[PlyCount "44"]
[EventDate "2019.01.18"]
[EventType "swiss"]
[EventCountry "GGB"]
[SourceTitle "playchess.com"]
[Source "ChessBase"]
[SourceQuality "1"]
[TimeControl "6600+10"]

1. e4 e5 2. Nf3 Nc6 3. Bc4 Bc5 4. c3 Nf6 5. d3 a6 {[%emt 0:00:11] LiveBook: 2492 Games} 6. Nbd2 O-O 7. Bb3 Ba7 8. h3 d5 9. O-O dxe4 10. dxe4 Qe7 11. Qe2 $17 (11. Re1 $11) 11... Nh5 12. Nc4 Ng3 13. Qe1 Nxf1 14. Kxf1 Be6 15. Ne3 Bxe3 16. Bxe3 Bxb3 17. axb3 Qe6 18. b4 Qc4+ 19. Qe2 Qxe4 20. Ng5 Qg6 21. Qc4 Rad8 22. Ne4 b5 0-1

[Event "Gibraltar Amateurs A 2019"]
[Site "Caleta"]
[Date "2019.01.23"]
[Round "3"]
[White "Manukonda Arun"]
[Black "Christophe-hayot, Romain"]
[Result "1-0"]
[ECO "A08"]
[WhiteElo "1814"]
[BlackElo "1729"]
[Annotator "NA"]
[PlyCount "115"]
[EventDate "2019.01.18"]
[EventType "swiss"]
[EventCountry "GGB"]
[SourceTitle "playchess.com"]
[Source "ChessBase"]
[SourceQuality "1"]
[TimeControl "6600+10"]

1. Nf3 d5 2. g3 c5 3. Bg2 Nf6 4. d3 Nc6 5. O-O e5 6. Nbd2 Bd6 7. e4 d4 8. a4 Bg4 9. h3 Bd7 10. Nc4 Bc7 11. Nh4 h6 12. Nf5 Bxf5 13. exf5 O-O 14. Bd2 Qd7 15. Qf3 Rae8 16. Rfe1 Re7 17. g4 Rfe8 18. Re4 Nxe4 19. Qxe4 f6 20. h4 Rd8 21. g5 hxg5 22. hxg5 fxg5 23. Bxg5 Qe8 24. Qh4 Rdd7 25. Be4 Bd8 26. Kg2 Rf7 27. Rh1 Rf6 28. Qh7+ Kf7 29. Bf3 Qf8 30. Bxc6 bxc6 31. Nxe5+ Ke8 32. Nxd7 Kxd7 33. Bxf6 Bxf6 34. Re1 Kc7 35. Re6 Kb6 36. Qh5 Qd8 37. Qf3 Qd7 38. Qe4 a5 39. Kf1 Kc7 40. Ke2 Kb6 41. Kd1 Kb7 42. Kc1 Qc7 43. Kb1 Qd7 44. Re8 Qc7 45. Qe6 Kb6 46. Rc8 Qb7 47. Rf8 Ka6 48. Rf7 Qa8 49. Qd7 c4 50. dxc4 Kb6 51. Rxf6 gxf6 52. Qxd4+ Ka6 53. Qxf6 Kb6 54. Qe7 Qh8 55. f6 Qh1+ 56. Ka2 Qf1 57. Qe3+ c5 58. f7 1-0

[Event "Gibraltar Amateurs A 2019"]
[Site "Caleta"]
[Date "2019.01.23"]
[Round "3"]
[White "Mircov, Nicola-Alexandar"]
[Black "Gostelow, David W"]
[Result "1-0"]
[ECO "B32"]
[WhiteElo "1797"]
[BlackElo "1850"]
[Annotator "NA"]
[PlyCount "120"]
[EventDate "2019.01.18"]
[EventType "swiss"]
[EventCountry "GGB"]
[SourceTitle "playchess.com"]
[Source "ChessBase"]
[SourceQuality "1"]
[TimeControl "6600+10"]

1. e4 c5 2. Nf3 Nc6 3. d4 cxd4 4. Nxd4 e5 5. Nb5 a6 6. Nd6+ Bxd6 7. Qxd6 Qf6 8. Qd1 Qg6 9. Nc3 d5 10. Nxd5 Qxe4+ 11. Be3 Nd4 12. Nc7+ Ke7 13. Be2 {[%emt 0:00:28] B32: Sicilian: Löwenthal and Kalashnikov Variations} Nxc2+ 14. Kf1 $1 Nxe3+ 15. fxe3 Rb8 16. Nd5+ Ke8 $146 ({Predecessor:} 16... Kf8 17. Nb6 Qf5+ 18. Ke1 Qf6 19. Nxc8 Qh4+ 20. g3 Qb4+ {½-½ (51) Vallejo Pons,F (2650)-Tarchichi,P (2153) Paris 2008 EXT 2010 [Primel,D]}) 17. Rc1 Nf6 18. Nxf6+ gxf6 19. Qd6 Qf5+ 20. Ke1 Ra8 21. Rc7 Qe6 22. Qb4 Kd8 23. Bc4 Kxc7 24. Bxe6 Bxe6 25. Qe7+ Kb6 26. Qxf6 Rhc8 27. Kd2 Rd8+ 28. Ke2 Rac8 29. Qxe5 Rc2+ 30. Kf3 Rdd2 {[%emt 0:00:31] [#]} 31. Rg1 $1 Rxb2 32. a4 Ka7 33. Qc5+ Kb8 34. h3 Rf2+ {[%emt 0:00:54] [#]} 35. Kg3 $1 Rfe2 36. Qe5+ Ka7 37. Qe4 Rb3 $18 (37... a5 $16 {was worth a try.}) 38. Qd4+ Ka8 39. Kf3 Rbb2 40. g4 Rbd2 41. Qh8+ Ka7 42. Qxh7 Bd5+ 43. Kf4 Ra2 44. Qd3 Red2 45. Qc3 Rxa4+ 46. Kg5 Raa2 47. Qc5+ Kb8 48. h4 Be6 49. Kf6 Rac2 50. Qe5+ Ka7 51. h5 Rd5 52. Qe4 Rh2 53. Qf4 Rh3 54. h6 Rd8 55. g5 Rd5 56. e4 Rdd3 57. Kg7 Rdf3 58. Qe5 Rh5 59. Rd1 Rh4 60. Qc5+ b6 1-0

[Event "Gibraltar Amateurs A 2019"]
[Site "Caleta"]
[Date "2019.01.23"]
[Round "3"]
[White "Poggio, Freddie"]
[Black "Sahil Dhawan"]
[Result "0-1"]
[ECO "D05"]
[WhiteElo "1765"]
[BlackElo "1843"]
[Annotator "NA"]
[PlyCount "62"]
[EventDate "2019.01.18"]
[EventType "swiss"]
[EventCountry "GGB"]
[SourceTitle "playchess.com"]
[Source "ChessBase"]
[SourceQuality "1"]
[TimeControl "6600+10"]

1. d4 Nf6 2. Nf3 e6 3. e3 d5 4. Bd3 Be7 5. Nbd2 O-O 6. O-O b6 7. Re1 Bb7 8. c3 c5 9. e4 cxd4 10. cxd4 dxe4 11. Nxe4 Nc6 12. Bg5 $15 Nxe4 13. Bxe7 Nxf2 14. Kxf2 Nxe7 15. Bxh7+ Kxh7 16. Ng5+ Kg8 17. Qh5 Qxd4+ 18. Re3 Qd2+ 19. Re2 Qf4+ 20. Kg1 Qf5 21. Rf1 Qg6 22. Qh4 Nf5 23. Qf4 Ba6 24. Rfe1 Bxe2 25. Rxe2 Rad8 26. g4 Nd4 27. Rf2 f6 28. Nf3 e5 29. Qg3 Nxf3+ 30. Qxf3 Rd3 31. Qe2 Rfd8 0-1

[Event "Gibraltar Amateurs A 2019"]
[Site "Caleta"]
[Date "2019.01.23"]
[Round "3"]
[White "Escanciano Reyero, Daniel"]
[Black "Olaizola, Miguel"]
[Result "0-1"]
[ECO "D71"]
[WhiteElo "1732"]
[BlackElo "1831"]
[Annotator "NA"]
[PlyCount "84"]
[EventDate "2019.01.18"]
[EventType "swiss"]
[EventCountry "GGB"]
[SourceTitle "playchess.com"]
[Source "ChessBase"]
[SourceQuality "1"]
[TimeControl "6600+10"]

1. d4 d5 2. c4 c6 3. cxd5 cxd5 4. Nc3 Nf6 5. g3 g6 6. Bg2 Bg7 7. Bg5 Ne4 {[%emt 0:04:23] D71: Fianchetto Grünfeld: 3 g3 d5 sidelines and 5 cxd5 (without Nf3)} (7... Nc6 8. Bxf6 Bxf6 9. e3 e6 10. Nge2 Bd7 11. Nf4 Rc8 12. h4 h5 13. O-O Bg7 14. Qf3 O-O 15. Rfc1 {0-1 (64) Vavrak,P (2474)-Votava,J (2542) Czechia 2008}) 8. Nxe4 dxe4 9. Qa4+ $146 ({Predecessor:} 9. Bxe4 Qxd4 10. Qxd4 Bxd4 11. Nf3 Bxb2 12. Rb1 Bc3+ 13. Kf1 h6 14. Rc1 Nd7 15. Rxc3 hxg5 16. Nxg5 {½-½ (59) Sahuanay Calsin,O-Carrillo Jaramillo,J (1505) Lima 2017}) 9... Bd7 10. Qa3 h6 11. Bd2 Nc6 12. e3 Bf5 13. Ne2 O-O 14. O-O e5 15. d5 Qxd5 16. Rad1 Qe6 17. f3 exf3 18. Bxf3 Bg4 19. e4 Bh3 20. Rf2 Rad8 21. Nc3 Nd4 22. Bh1 Bg4 23. Rdf1 Ne2+ 24. Nxe2 Rxd2 25. Nc3 Rxf2 26. Rxf2 a6 27. Nd5 $17 b5 28. Rc2 Rd8 29. Qc5 Kh7 30. Bg2 Rc8 31. Qxc8 Qxc8 32. Rxc8 Bxc8 33. Kf2 f5 34. Bh3 Be6 35. Nc7 Bxa2 36. exf5 g5 37. Nxa6 e4 38. b4 Bd4+ 39. Ke1 e3 40. Nc7 Bc4 41. Ne6 Bc3+ 42. Kd1 e2+ 0-1

[Event "Gibraltar Amateurs A 2019"]
[Site "Caleta"]
[Date "2019.01.23"]
[Round "3"]
[White "Kuenitz, Klaus"]
[Black "Teh, Wee Zhun"]
[Result "0-1"]
[ECO "D14"]
[WhiteElo "1723"]
[BlackElo "1818"]
[Annotator "NA"]
[PlyCount "120"]
[EventDate "2019.01.18"]
[EventType "swiss"]
[EventCountry "GGB"]
[SourceTitle "playchess.com"]
[Source "ChessBase"]
[SourceQuality "1"]
[TimeControl "6600+10"]

1. d4 d5 2. c4 c6 3. cxd5 cxd5 4. Nc3 Nf6 5. Nf3 Nc6 6. Bf4 Bf5 7. e3 e6 8. Bb5 Nd7 9. O-O Rc8 10. Rc1 a6 {[%emt 0:04:15] D14: Slav Defence: Exchange variation with ...Bf5} (10... Be7 11. Na4 g5 12. Bg3 h5 13. Nc5 Nxc5 14. dxc5 h4 15. Bd6 Bxd6 16. cxd6 Qxd6 17. Nxg5 Qe5 18. Qa4 Qxb2 19. Bxc6+ bxc6 20. Rxc6 Rxc6 21. Qxc6+ {0-1 (31) Sokolov,I (2643)-Danin,A (2575) Koge 2013}) 11. Bd3 Bxd3 {[%emt 0:04:33] LiveBook: 3 Games} 12. Qxd3 Be7 13. h3 O-O 14. Rfe1 h6 $146 ({Predecessor:} 14... Nb6 15. Re2 f5 16. Ne5 Bd6 17. Nxc6 Rxc6 18. Bxd6 Qxd6 {0-1 (35) Cavaletto,M-Nordal,S ICCF corr 1994}) 15. Qd2 Re8 16. Bg3 Nb6 17. Qe2 Nc4 18. Red1 b5 19. b3 Nd6 20. Bxd6 Bxd6 21. Nb1 Qa5 22. Qb2 Ne7 23. Ne1 b4 24. Nd3 Qb5 25. Qe2 Nf5 26. Kf1 Qa5 $11 27. Qd2 Qb6 28. Rxc8 Rxc8 29. Rc1 Rxc1+ 30. Qxc1 Bf8 31. Ke2 Qa5 32. Qd2 Qb5 33. Ke1 Qb8 34. g3 Bd6 35. Nf4 Bxf4 36. gxf4 Nd6 37. f3 Qb5 38. Qe2 Qc6 39. Qd2 Nf5 40. Kf2 Qd6 41. Ke2 Qe7 42. Kd3 Qb7 43. Qc2 Qb5+ 44. Kd2 Qf1 45. Qd1 Qf2+ 46. Qe2 Qg1 47. Qd3 Qh2+ 48. Qe2 Qxh3 49. Qxa6 Qxf3 50. Qe2 Qe4 51. Qd3 Qh1 52. a4 bxa3 53. Nxa3 Qa1 54. b4 Qb2+ 55. Nc2 Ng3 56. Qa3 Ne4+ 57. Kd3 Nf2+ 58. Kd2 Ne4+ 59. Kd3 Qb1 60. Qa1 Qb3+ 0-1

[Event "Gibraltar Amateurs A 2019"]
[Site "Caleta"]
[Date "2019.01.23"]
[Round "3"]
[White "Fong, Mi Yen"]
[Black "Gonzalez Pabollet, Jesus Maria S"]
[Result "0-1"]
[ECO "B23"]
[WhiteElo "1687"]
[BlackElo "1875"]
[Annotator "NA"]
[PlyCount "86"]
[EventDate "2019.01.18"]
[EventType "swiss"]
[EventCountry "GGB"]
[SourceTitle "playchess.com"]
[Source "ChessBase"]
[SourceQuality "1"]
[TimeControl "6600+10"]

1. e4 c5 2. Nc3 e6 3. f4 Nc6 4. Nf3 d5 5. e5 a6 6. a4 {[%emt 0:00:34] B23: Closed Sicilian: Lines without g3} (6. Ne2 d4 7. Ng3 Nge7 8. c4 dxc3 9. dxc3 Qxd1+ 10. Kxd1 Nf5 11. Bd3 b6 12. Kc2 Be7 13. Be4 Bb7 14. Nxf5 {0-1 (30) Mas,H (2386)-Sermek,D (2509) Kuala Lumpur 2008}) 6... Nh6 7. Be2 Nf5 8. O-O Be7 9. Qe1 h5 $146 ({Predecessor:} 9... O-O 10. Nd1 Nb4 11. Bd3 c4 12. Bxf5 exf5 13. Qe2 Nxc2 {0-1 (27) Reznicek,M (2112)-Dambrauskas,V (2301) Karvina 2006}) 10. Bd3 Nb4 11. Bxf5 exf5 12. Qd1 $1 d4 13. Na2 Nd5 14. d3 b5 15. c3 Bb7 16. Qb3 Qb6 17. Bd2 dxc3 18. a5 Qa7 19. Qd1 cxd2 20. Qxd2 O-O 21. Rae1 Nc7 22. Ng5 Ne6 23. Kh1 Rad8 24. Qe3 Rd4 25. Nxe6 fxe6 26. Qh3 h4 27. Nc1 Rfd8 28. Re3 c4 29. b3 cxd3 30. Nxd3 Qa8 31. Ne1 Rd2 32. Rc3 Bc6 33. Nf3 Rd1 34. Rc1 R1d3 35. b4 Rb3 36. Rb1 Rdd3 37. Rxb3 Rxb3 38. Kg1 Qa7+ 39. Kh1 Rxb4 $19 (39... Qe3 $142 40. Ra1 Bxb4 41. Qxh4 Bxf3 42. Qg3 Bd5 43. Qxe3 Rxe3 44. Rf1 Re1 45. Rxe1 Bxe1 46. Kg1 b4 47. Kf1 b3 48. Kxe1 b2 49. Kf2 b1=Q 50. Ke3 Qe4+ 51. Kd2 Qd4+ 52. Kc2 Bc4 53. g3 Qd3+ 54. Kb2 Qd2+ 55. Kb1 Bd3+ 56. Ka1 Qc1+ 57. Ka2 Bc4#) 40. Nxh4 Qf2 41. Qd3 Qxh4 42. Qd2 Rc4 43. h3 Qxh3+ 0-1

[Event "Gibraltar Amateurs A 2019"]
[Site "Caleta"]
[Date "2019.01.23"]
[Round "3"]
[White "White, Gary"]
[Black "Omtvedt, Aleksander"]
[Result "0-1"]
[ECO "A03"]
[WhiteElo "1623"]
[BlackElo "1896"]
[Annotator "NA"]
[PlyCount "150"]
[EventDate "2019.01.18"]
[EventType "swiss"]
[EventCountry "GGB"]
[SourceTitle "playchess.com"]
[Source "ChessBase"]
[SourceQuality "1"]
[TimeControl "6600+10"]

1. f4 d5 2. Nf3 g6 3. e3 Bg7 4. Be2 c5 5. O-O Nc6 6. Qe1 {[%emt 0:02:19] A03: Bird's Opening with 1...d5} (6. d3 Nf6 7. Ne5 Qc7 8. Nxc6 bxc6 9. Nc3 O-O 10. e4 Ba6 11. Kh1 c4 12. Qe1 cxd3 13. cxd3 e6 14. Be3 Rfd8 {1-0 (31) Adhiban,B (2655)-Eljanov,P (2711) Riadh 2017}) 6... Nh6 7. d3 Nf5 8. Bd1 O-O 9. e4 dxe4 10. dxe4 Nfd4 11. c3 Nxf3+ 12. Bxf3 Qc7 $146 ({Predecessor:} 12... e5 13. f5 b6 14. Qg3 {1-0 (25) Brustkern,J (2287)-Kornitzky,T (1943) Berlin 2017}) 13. Be3 b6 14. Nd2 Bb7 15. Qh4 Rad8 16. Rae1 Rd3 17. Rf2 e6 18. Nf1 Qd8 19. Qh3 Ne7 20. Ng3 Qd7 21. f5 exf5 22. exf5 Bxf3 23. Rxf3 Nxf5 24. Nxf5 gxf5 25. Qxf5 Qxf5 26. Rxf5 Rfd8 27. Kf2 R8d5 28. Rf4 Re5 29. Re2 Kf8 30. Rh4 h5 31. g4 hxg4 32. Rxg4 Rd1 33. Bh6 Rf5+ 34. Rf4 $11 Rxf4+ 35. Bxf4 c4 36. Re4 Rb1 37. Bd6+ Kg8 38. Ba3 b5 39. Re7 b4 40. Bxb4 Rxb2+ 41. Re2 Rb1 42. Re4 Rb2+ 43. Re2 Rxe2+ 44. Kxe2 f5 45. Kf3 Kf7 46. Kf4 Ke6 47. a4 Bh6+ 48. Kf3 Bg7 49. Kf4 Be5+ 50. Kf3 Bxh2 51. Bc5 a6 52. Bd4 Kd5 53. Be3 Be5 54. Bd2 Kc6 55. Be3 Bxc3 56. Kf4 Bb2 57. Kxf5 Kd5 58. Bf4 Bg7 59. Bc1 c3 60. Kg6 Bh8 61. Kh7 Bd4 62. Kg6 Ke4 63. Kf7 Kd5 64. Ke7 Kc4 65. Kd6 a5 66. Kc6 c2 67. Kd6 Bc3 68. Kc6 Be1 69. Kb6 Kb4 70. Kc6 Kxa4 71. Kc5 Kb3 72. Kd4 a4 73. Kd3 Bb4 74. Bf4 Bc3 75. Bc1 Bb2 {[%emt 0:00:01] Kd4 [%clk 00:01:21] [%emt 00:01:15]} 0-1

[Event "Gibraltar Amateurs A 2019"]
[Site "Caleta"]
[Date "2019.01.24"]
[Round "4"]
[White "Omtvedt, Aleksander"]
[Black "Kuenitz, Klaus"]
[Result "1-0"]
[ECO "E16"]
[WhiteElo "1896"]
[BlackElo "1723"]
[Annotator "NA"]
[PlyCount "75"]
[EventDate "2019.01.18"]
[EventType "swiss"]
[EventCountry "GGB"]
[SourceTitle "playchess.com"]
[Source "ChessBase"]
[SourceQuality "1"]
[TimeControl "6600+10"]

1. d4 d5 2. c4 e6 3. Nf3 Nf6 4. g3 b6 5. Bg2 Bb7 6. O-O dxc4 7. Qa4+ Nbd7 8. Ne5 Bxg2 9. Kxg2 Bd6 10. Nc6 Qc8 11. Qxc4 O-O 12. f3 Qb7 13. e4 e5 14. d5 a5 15. Bg5 h6 16. Bxf6 Nxf6 17. Nc3 Rfe8 18. Rfc1 Nd7 19. Nb5 Bc5 20. a3 a4 21. Nc3 Qa6 22. Qxa6 Rxa6 23. Nb5 Bd6 24. Nxd6 cxd6 25. Nb4 Ra7 26. Rc6 Kf8 27. Rxd6 Rc7 28. Rc6 Rec8 29. Rac1 Rxc6 30. Rxc6 Ra8 31. Kf2 Ke7 32. Ke3 Ra5 33. Rc8 Rc5 34. Rc6 Rxc6 35. Nxc6+ Kd6 36. Kd3 Kc5 37. Nd8 f6 38. Ne6+ 1-0

[Event "Gibraltar Amateurs A 2019"]
[Site "Caleta"]
[Date "2019.01.24"]
[Round "4"]
[White "Pink, Joshua"]
[Black "Tkadlecek, Petr"]
[Result "1-0"]
[ECO "A00"]
[WhiteElo "1890"]
[BlackElo "1719"]
[Annotator "NA"]
[PlyCount "55"]
[EventDate "2019.01.18"]
[EventType "swiss"]
[EventCountry "GGB"]
[SourceTitle "playchess.com"]
[Source "ChessBase"]
[SourceQuality "1"]
[TimeControl "6600+10"]

1. e4 d5 2. Nc3 d4 3. Nce2 e5 4. Ng3 Nf6 5. Bc4 Bg4 6. Nf3 Bd6 7. h3 Bd7 8. d3 h6 9. Bd2 b5 10. Bb3 a5 11. a4 b4 12. Nh2 Nh7 13. Nf5 Qf6 14. Ng4 Qg6 15. Qf3 O-O 16. Nh4 Bxg4 17. hxg4 Qf6 18. Nf5 Nd7 19. O-O-O Ng5 20. Qg3 Nc5 21. Bd5 Rac8 22. Rh5 Nce6 23. Rdh1 Nf4 24. Bxf4 exf4 25. Qh2 g6 26. Rxh6 Be5 27. Ne7+ Qxe7 28. Rh5 1-0

[Event "Gibraltar Amateurs A 2019"]
[Site "Caleta"]
[Date "2019.01.24"]
[Round "4"]
[White "Gonzalez Pabollet, Jesus Maria S"]
[Black "Guegan, Michel"]
[Result "1-0"]
[ECO "A47"]
[WhiteElo "1875"]
[BlackElo "1708"]
[Annotator "NA"]
[PlyCount "57"]
[EventDate "2019.01.18"]
[EventType "swiss"]
[EventCountry "GGB"]
[SourceTitle "playchess.com"]
[Source "ChessBase"]
[SourceQuality "1"]
[TimeControl "6600+10"]

1. Nf3 Nf6 2. d4 e6 3. Bf4 c5 4. e3 b6 5. Bd3 Nc6 6. O-O Bb7 7. h3 cxd4 8. exd4 Nb4 $14 9. Be2 Be4 10. Ne1 Rc8 11. c3 Nbd5 12. Be5 Be7 13. Nd2 O-O 14. c4 Nc7 15. Bxf6 Bxg2 16. Bxe7 Qxe7 17. Nxg2 f5 18. f4 g5 19. fxg5 Qxg5 20. Nf3 Qg3 21. Qd2 f4 22. Qe1 Qxh3 23. Qh4 Qg3 24. Qxg3+ fxg3 25. Ne5 Rf5 26. Ne3 Rg5 27. Nf7 Rg7 28. Nh6+ Kh8 29. Rf6 1-0

[Event "Gibraltar Amateurs A 2019"]
[Site "Caleta"]
[Date "2019.01.24"]
[Round "4"]
[White "Lochte, Szilvia"]
[Black "Butusina, Samuel"]
[Result "1-0"]
[ECO "A20"]
[WhiteElo "1868"]
[BlackElo "1688"]
[Annotator "NA"]
[PlyCount "87"]
[EventDate "2019.01.18"]
[EventType "swiss"]
[EventCountry "GGB"]
[SourceTitle "playchess.com"]
[Source "ChessBase"]
[SourceQuality "1"]
[TimeControl "6600+10"]

1. c4 c6 2. g3 d5 3. Bg2 e5 4. cxd5 cxd5 5. d3 Bc5 6. e3 Nc6 7. Ne2 Nge7 8. O-O d4 9. exd4 Nxd4 10. Nbc3 Nec6 11. Nxd4 Bxd4 12. Nb5 $15 O-O 13. Nxd4 Nxd4 14. Be3 f5 15. f4 exf4 16. Rxf4 Ne6 17. Qb3 Kh8 18. Rf2 Qd6 19. Rc1 a5 20. Qc3 Bd7 21. Bxb7 Rab8 22. Bg2 Rfc8 23. Qxa5 Qxd3 24. Qe1 Re8 25. Rd1 Qb5 26. Qd2 Rbd8 27. Qc2 Nf8 28. Bg5 Rc8 29. Qd3 Qa4 30. a3 Bb5 31. Qb1 Qa7 32. Qxf5 Re2 33. Bf1 Rxb2 34. Bxb5 Ne6 35. Rd7 Rb1+ 36. Qxb1 Qa8 37. Bf4 Qxa3 38. Bf1 Nxf4 39. Rxf4 Qe3+ 40. Kh1 h6 41. Qg6 Rg8 42. Bd3 Qc1+ 43. Kg2 Qb2+ 44. Kh3 1-0

[Event "Gibraltar Amateurs A 2019"]
[Site "Caleta"]
[Date "2019.01.24"]
[Round "4"]
[White "Gostelow, David W"]
[Black "Stai, Sondre"]
[Result "1-0"]
[ECO "A80"]
[WhiteElo "1850"]
[BlackElo "1659"]
[Annotator "NA"]
[PlyCount "141"]
[EventDate "2019.01.18"]
[EventType "swiss"]
[EventCountry "GGB"]
[SourceTitle "playchess.com"]
[Source "ChessBase"]
[SourceQuality "1"]
[TimeControl "6600+10"]

1. d4 f5 2. Nf3 Nf6 3. Bf4 e6 4. e3 d5 5. Be2 Be7 6. O-O O-O 7. c4 c6 8. Nbd2 Ne4 9. Nxe4 fxe4 10. Nd2 Bd6 11. Bxd6 Qxd6 12. f3 exf3 13. Nxf3 Nd7 14. Qc2 e5 15. cxd5 cxd5 16. dxe5 Nxe5 17. Nxe5 Rxf1+ 18. Rxf1 Qxe5 19. Bd3 Qxe3+ 20. Kh1 Bd7 21. Bxh7+ Kh8 22. Bg6 Qg5 23. Rf3 Qe7 24. Qd2 Rf8 25. Rxf8+ Qxf8 26. h3 Qf1+ 27. Kh2 Bf5 28. Bf7 Be4 29. Bxd5 Bxd5 30. Qxd5 Qf4+ 31. g3 Qf2+ 32. Qg2 Qb6 33. b3 Qb4 34. h4 a5 35. Qe2 b5 36. Kh3 a4 37. Qg4 Qa3 38. Qh5+ Kg8 39. Qxb5 Qxa2 40. Qxa4 Qb1 41. Qc4+ Kh8 42. Qd5 Qf1+ 43. Qg2 Qf5+ 44. g4 Qd3+ 45. Qg3 Qf1+ 46. Kh2 Qe2+ 47. Qg2 Qe5+ 48. Kh3 Qc3+ 49. Qg3 Qa1 50. Qf3 Qb2 51. g5 Qb1 52. h5 Qc2 53. Qf8+ Kh7 54. Qf3 g6 55. Qf7+ Kh8 56. Qf8+ Kh7 57. hxg6+ Kxg6 58. Qf6+ Kh7 59. Qf7+ Kh8 60. Qc4 Qf5+ 61. Kh2 Qxg5 62. b4 Qe5+ 63. Kg2 Kg7 64. b5 Kf6 65. Qc6+ Ke7 66. b6 Qd6 67. Qb5 Kd8 68. b7 Qb8 69. Qc6 Qa7 70. Qc8+ Ke7 71. b8=Q 1-0

[Event "Gibraltar Amateurs A 2019"]
[Site "Caleta"]
[Date "2019.01.24"]
[Round "4"]
[White "Sahil Dhawan"]
[Black "Manukonda Arun"]
[Result "1-0"]
[ECO "A11"]
[WhiteElo "1843"]
[BlackElo "1814"]
[Annotator "NA"]
[PlyCount "49"]
[EventDate "2019.01.18"]
[EventType "swiss"]
[EventCountry "GGB"]
[SourceTitle "playchess.com"]
[Source "ChessBase"]
[SourceQuality "1"]
[TimeControl "6600+10"]

1. c4 c6 2. g3 d5 3. Bg2 dxc4 4. Na3 g6 5. Nxc4 Bg7 6. Nf3 Be6 7. Qc2 Na6 $14 8. a3 Nc5 9. O-O Bd5 10. d4 Be4 11. Qc3 Bxf3 12. Bxf3 Qxd4 13. Qc2 Qd7 14. Be3 Ne6 15. Na5 Nd8 16. Rad1 Qc7 17. Nxb7 Kf8 18. Nxd8 Rxd8 19. Rxd8+ Qxd8 20. Bxa7 h5 21. b4 h4 22. Rd1 Qc7 23. Qxc6 Qxc6 24. Bxc6 Be5 25. Bd4 1-0

[Event "Gibraltar Amateurs A 2019"]
[Site "Caleta"]
[Date "2019.01.24"]
[Round "4"]
[White "Carr, Jay"]
[Black "Portman, Carl S"]
[Result "0-1"]
[ECO "A25"]
[WhiteElo "1842"]
[BlackElo "1884"]
[Annotator "NA"]
[PlyCount "76"]
[EventDate "2019.01.18"]
[EventType "swiss"]
[EventCountry "GGB"]
[SourceTitle "playchess.com"]
[Source "ChessBase"]
[SourceQuality "1"]
[TimeControl "6600+10"]

1. c4 e5 2. g3 Nc6 3. Bg2 f5 4. Nc3 Nf6 5. d3 Bb4 6. Bd2 Bxc3 7. Bxc3 d6 8. e3 O-O 9. Nf3 Qe8 10. b4 f4 11. e4 Bg4 12. h3 Bxf3 13. Bxf3 fxg3 14. fxg3 Nd4 15. O-O Qg6 16. Kh2 Nxf3+ 17. Rxf3 Nd7 18. Qe2 Rxf3 19. Qxf3 Rf8 20. Qe2 Qf7 21. Kg2 c6 22. Rf1 Qxf1+ 23. Qxf1 Rxf1 24. Kxf1 b5 25. Ke2 Kf7 26. Ke3 Ke6 27. cxb5 cxb5 28. d4 a6 29. d5+ Kf7 30. Kf3 Nb6 31. g4 Nc4 32. Be1 Na3 33. Bc3 Nc4 34. Be1 Na3 35. Bc3 Nc2 36. Ke2 g6 37. Kd3 Na3 38. Bd2 Nc4 0-1

[Event "Gibraltar Amateurs A 2019"]
[Site "Caleta"]
[Date "2019.01.24"]
[Round "4"]
[White "Olaizola, Miguel"]
[Black "Mircov, Nicola-Alexandar"]
[Result "0-1"]
[ECO "D34"]
[WhiteElo "1831"]
[BlackElo "1797"]
[Annotator "NA"]
[PlyCount "83"]
[EventDate "2019.01.18"]
[EventType "swiss"]
[EventCountry "GGB"]
[SourceTitle "playchess.com"]
[Source "ChessBase"]
[SourceQuality "1"]
[TimeControl "6600+10"]

1. Nf3 c5 2. g3 d5 3. Bg2 Nc6 4. d4 e6 5. O-O Nf6 6. c4 Be7 7. Nc3 O-O 8. cxd5 exd5 9. dxc5 Bxc5 10. Na4 Be7 11. b3 Bg4 12. Bb2 Rc8 13. h3 Bf5 14. Rc1 Re8 15. Nc5 Nb4 16. Nh4 Bc2 17. Qd2 Bxc5 18. a3 Ne4 19. Bxe4 dxe4 20. Qxd8 Rexd8 21. axb4 Bxb4 22. Ra1 a5 23. Nf5 Bxb3 24. Bxg7 Be6 25. Bf6 Bxf5 26. Bxd8 Rxd8 27. g4 Be6 28. Rfc1 b5 29. Rc6 Bc4 30. e3 Bc3 31. Rc1 Rd3 32. g5 a4 33. Ra6 Bb2 34. Rc2 a3 35. h4 Rd1+ 36. Kg2 Rc1 37. Rd2 Bd3 38. h5 b4 39. Ra7 b3 40. h6 Kf8 41. Ra8+ Ke7 42. Ra7+ {[%emt 0:00:21] Rc2 [%emt 00:00:32]} 0-1

[Event "Gibraltar Amateurs A 2019"]
[Site "Caleta"]
[Date "2019.01.24"]
[Round "4"]
[White "Teh, Wee Zhun"]
[Black "Anjali R. Sagar"]
[Result "1-0"]
[ECO "D85"]
[WhiteElo "1818"]
[BlackElo "1787"]
[Annotator "NA"]
[PlyCount "79"]
[EventDate "2019.01.18"]
[EventType "swiss"]
[EventCountry "GGB"]
[SourceTitle "playchess.com"]
[Source "ChessBase"]
[SourceQuality "1"]
[TimeControl "6600+10"]

1. d4 Nf6 2. c4 g6 3. Nc3 d5 4. cxd5 Nxd5 5. Na4 Bg7 6. e4 Nb6 7. Nf3 Bg4 8. Be3 Bxf3 9. gxf3 Nxa4 10. Qxa4+ Qd7 11. Bb5 c6 12. Be2 O-O 13. O-O c5 14. Qxd7 Nxd7 15. dxc5 Rfc8 16. Rac1 Bxb2 17. Rb1 Bf6 18. Rfc1 b6 19. c6 Nf8 20. f4 Ne6 21. e5 Bg7 22. Ba6 Rc7 23. Rd1 Nd8 24. Rd7 Rxc6 25. Rbd1 Ne6 26. Bb7 Rcc8 27. Bxc8 Rxc8 28. Rxe7 Bh6 29. f5 Bf8 30. Rxa7 gxf5 31. Bxb6 f4 32. Rad7 Bg7 33. R7d5 Rc6 34. Bd8 f3 35. Bf6 Bf8 36. R5d3 Ng5 37. Bxg5 Rg6 38. Rxf3 Rxg5+ 39. Rg3 Rxg3+ 40. hxg3 1-0

[Event "Gibraltar Amateurs A 2019"]
[Site "Caleta"]
[Date "2019.01.24"]
[Round "4"]
[White "Sharma Pankaj"]
[Black "Lane, Ryan"]
[Result "0-1"]
[ECO "E92"]
[WhiteElo "1809"]
[BlackElo "1851"]
[Annotator "NA"]
[PlyCount "110"]
[EventDate "2019.01.18"]
[EventType "swiss"]
[EventCountry "GGB"]
[SourceTitle "playchess.com"]
[Source "ChessBase"]
[SourceQuality "1"]
[TimeControl "6600+10"]

1. d4 Nf6 2. c4 g6 3. Nc3 Bg7 4. e4 d6 5. Be2 O-O 6. Nf3 e5 7. O-O Re8 8. dxe5 dxe5 9. Qxd8 Rxd8 10. Bg5 Re8 11. Rfd1 c6 12. Rd6 Nbd7 13. Rad1 h6 14. Bxf6 Nxf6 15. Rd8 Bg4 16. Rxa8 Rxa8 17. Kf1 $15 Bxf3 18. Bxf3 Kf8 19. Na4 b6 20. b4 Ke7 21. Ke2 h5 22. Nc3 Rd8 23. Rxd8 Kxd8 24. Kd3 Nd7 25. Bd1 Kc7 26. g3 a6 27. f3 Nf8 28. Bb3 f6 29. c5 b5 30. f4 exf4 31. gxf4 Kd7 32. Ne2 Bh6 33. f5 g5 34. e5 fxe5 35. Ke4 Ke7 36. Kxe5 Nd7+ 37. Ke4 Nf6+ 38. Kd3 Ng4 39. Nd4 Kd7 40. Bd1 Nf2+ 41. Kc2 Nxd1 42. Kxd1 Bg7 43. Ne6 Bf6 44. Kd2 g4 45. Kd3 Be5 46. Ke4 Bxh2 47. Ng5 Ke7 48. Nh7 Bg3 49. Ng5 h4 50. Ke3 h3 51. f6+ Kf8 52. Ne6+ Kg8 53. Ke4 Bh4 54. Kf5 Bxf6 55. Kxg4 h2 0-1